 Dungeon Sprint DCSS version 0.17-a0-1210-g1e4f09d (webtiles) character file.

194 Kidiri the Conjurer (level 5, -2/47 HPs)
             Began as a Draconian Conjurer on June 4, 2015.
             Was a Priest of Vehumet.
             Slain by a wight
             ... wielding a +3 great sword
              (13 damage)
             ... in the Dungeon (Sprint VII: "The Pits").
             The game lasted 00:05:29 (747 turns).

Kidiri the Conjurer (Draconian Conjurer)             Turns: 747, Time: 00:05:29

Health: -2/47      AC:  5    Str: 10    XL:     5   Next: 44%
Magic:  9/13       EV: 13    Int: 17    God:    Vehumet [***...]
Gold:   0          SH:  0    Dex: 11    Spells: 2 memorised, 13 levels left

rFire  . . .     SeeInvis .     i - +2 quarterstaff
rCold  . . .     Clarity  .     (armour unavailable)
rNeg   . . .     SustAt   .     (no shield)
rPois  .         Gourm    .     (helmet restricted)
rElec  .         Spirit   .     (no cloak)
rCorr  .         Warding  .     (no gloves)
rMut   .         NoTele   +     (no boots)
MR     .....                    (no amulet)
Stlth  ++........               (no ring)
                                (no ring)

@: not resistant to hostile enchantments, unstealthy
A: unfitting armour, cold-blooded, AC +5
a: Renounce Religion


You were in the Dungeon.
You worshipped Vehumet.
Vehumet was most pleased with you.
You were not hungry.

You visited 1 branch

Inventory:

Hand weapons
 i - a +2 quarterstaff (weapon)
Scrolls
 m - 3 scrolls of remove curse
 n - 5 scrolls of amnesia
Potions
 c - 6 potions of curing
 d - 5 potions of heal wounds
 e - a potion of haste
 f - 3 potions of magic
 g - 3 potions of berserk rage
 l - 2 potions of invisibility
Books
 a - a book of Conjurations

   Spells                             Type                      Level
   a - Magic Dart                     Conjuration                  1
   b - Searing Ray                    Conjuration                  2
   c - Dazzling Spray                 Conjuration/Hexes            3
   d - Fulminant Prism                Conjuration/Hexes            4
   e - Iskenderun's Mystic Blast      Conjuration                  4
   f - Iskenderun's Battlesphere      Conjuration/Charms           5
Comestibles
 b - 8 bread rations
 j - 40 fruits
 k - 6 meat rations


   Skills:
 + Level 4.7 Fighting
 + Level 4.5 Dodging
 - Level 1.7 Stealth
 * Level 6.2 Spellcasting
 * Level 7.7 Conjurations


You had 13 spell levels left.
You knew the following spells:

 Your Spells              Type           Power        Failure   Level  Hunger
a - Magic Dart            Conj           ####         1%          1    None
b - Searing Ray           Conj           ####..       1%          2    None


Dungeon Overview and Level Annotations

Branches:
Dungeon (1/1)

Altars:
Ashenzari
Cheibriados
Dithmenos
Elyvilon
Fedhas
Gozag
Kikubaaqudgha
Makhleb
Nemelex Xobeh
Okawaru
Qazlal
Ru
Sif Muna
Trog
Vehumet
Xom
Yredelemnul
Zin
The Shining One
Beogh
Jiyva
Lugonu


Innate Abilities, Weirdness & Mutations

Your plain brown scales are hard (AC +5).
Your body does not fit into most forms of armour.
You are cold-blooded and may be slowed by cold attacks.


Message History

The wight is severely damaged.
The wight barely misses you.
Casting: Magic Dart
Confirm with . or Enter, or press ? or * to list all spells.
Aiming: Magic Dart
Press: ? - help, Shift-Dir - straight line, f/p - wight
Aim: a wight, wielding an enchanted great sword and wearing a robe (severely damaged)
The magic dart hits the wight.
The wight is severely damaged.
The wight hits you with an enchanted great sword!
* * * LOW HITPOINT WARNING * * *
Casting: Magic Dart
Confirm with . or Enter, or press ? or * to list all spells.
Aiming: Magic Dart
Press: ? - help, Shift-Dir - straight line, f/p - wight
Aim: a wight, wielding an enchanted great sword and wearing a robe (severely damaged)
The magic dart hits the wight.
The wight is almost destroyed.
The wight hits you with an enchanted great sword!
You die...

############ #__________#
#__________#
#.#####+##############++##
#_#)))+.+..##.............
#_#.))#.#?(##......#..#...
#######+#####.............
#........@zz'.......).....
#'#####+#####......#..#...
#.#..#...+.##.............
#z#..#...#.#####'#####++##
#.#..#####.##.......#
#z#..+...#)##.......#
#.#..+..รทรท)##.......#
#.#..########...<...#
#.#..+[))).##.......#


You could see 2 wights.

Vanquished Creatures
  A hungry ghost (D)
  A ball python (D)
  2 bats (D)
  A kobold (D)
  A giant newt (D)
6 creatures vanquished.

Vanquished Creatures (collateral kills)
  3 orc priests (D)
  An adder (D)
  A giant gecko (D)
  2 orcs (D)
  A quokka (D)
8 creatures vanquished.

Grand Total: 14 creatures vanquished

Notes
Turn   | Place    | Note
--------------------------------------------------------------
     0 | D        | Kidiri the Draconian Conjurer began the quest for the Orb.
     0 | D        | Reached XP level 1. HP: 14/14 MP: 3/3
    54 | D        | Found a sacrificial altar of Ru.
    54 | D        | Found a basalt altar of Yredelemnul.
    54 | D        | Found a shadowy altar of Dithmenos.
    54 | D        | Found a deep blue altar of Sif Muna.
    54 | D        | Found a burning altar of Makhleb.
    54 | D        | Found a shimmering altar of Xom.
    54 | D        | Found an ancient bone altar of Kikubaaqudgha.
    54 | D        | Found a sparkling altar of Nemelex Xobeh.
    55 | D        | Found a glowing golden altar of the Shining One.
    55 | D        | Found a bloodstained altar of Trog.
    55 | D        | Found a shattered altar of Ashenzari.
    55 | D        | Found a white marble altar of Elyvilon.
    55 | D        | Found a snail-covered altar of Cheibriados.
    55 | D        | Found a blossoming altar of Fedhas.
    55 | D        | Found a radiant altar of Vehumet.
    55 | D        | Found a glowing silver altar of Zin.
    55 | D        | Found a corrupted altar of Lugonu.
    55 | D        | Found a viscous altar of Jiyva.
    55 | D        | Found a roughly hewn altar of Beogh.
    55 | D        | Found an iron altar of Okawaru.
    61 | D        | Found a stormy altar of Qazlal.
    61 | D        | Found an opulent altar of Gozag.
    63 | D        | Became a worshipper of Vehumet
   102 | D        | Reached skill level 1 in Fighting
   327 | D        | Acquired Vehumet's first power
   327 | D        | Offered knowledge of Shock by Vehumet.
   376 | D        | Noticed an orc priest
   376 | D        | Noticed an orc priest
   377 | D        | Noticed an orc priest
   386 | D        | Killed an orc priest
   386 | D        | Reached skill level 5 in Conjurations
   386 | D        | Reached XP level 2. HP: 7/24 MP: 6/6
   388 | D        | Killed an orc priest
   388 | D        | Reached XP level 3. HP: 8/30 MP: 8/8
   402 | D        | Killed an orc priest
   402 | D        | Acquired Vehumet's second power
   436 | D        | Learned a level 2 spell: Searing Ray
   665 | D        | Noticed a wight
   665 | D        | Noticed a wight
   665 | D        | Noticed a hungry ghost
   667 | D        | Noticed a wight
   700 | D        | Killed a hungry ghost
   700 | D        | Offered knowledge of Flame Tongue by Vehumet.
   700 | D        | Reached skill level 6 in Spellcasting
   700 | D        | Reached skill level 7 in Conjurations
   700 | D        | Reached XP level 4. HP: 22/41 MP: 0/12
   700 | D        | Reached XP level 5. HP: 25/47 MP: 0/13
   747 | D        | Slain by a wight

Vault maps used:
D:        pitsprint

Action                   |  1- 3 |  4- 6 || total
-------------------------+-------+-------++-------
Melee: Quarterstaff      |    13 |     2 ||    15
 Cast: Magic Dart        |    22 |     7 ||    29
  Use: Scroll            |     2 |       ||     2
       Potion            |       |     2 ||     2
  Eat: Meat ration       |     1 |       ||     1
